 Dungeon Crawl Stone Soup version 0.20.1-1-g8b1a95d (console) character file.

179 hilaritas the Firebug (level 5, -4/38 HPs)
             Began as a Demigod Fire Elementalist on Nov 24, 2017.
             Slain by a river rat (7 damage)
             ... summoned by Eustachio
             ... on level 4 of the Dungeon.
             The game lasted 00:08:29 (3743 turns).

hilaritas the Firebug (Demigod Fire Elementalist)   Turns: 3743, Time: 00:08:31

Health: -4/38      AC:  3    Str: 11    XL:     5   Next: 10%
Magic:  1/10       EV: 12    Int: 26    God:
Gold:   95         SH:  0    Dex: 16    Spells: 1/7 levels left

rFire    + . .     SeeInvis .   o - staff of earth
rCold    + . .     Gourm    .   (no shield)
rNeg     . . .     Faith    .   a - +0 robe
rPois    .         Spirit   .   (no helmet)
rElec    .         Reflect  .   f - scarf {rC+ rF+}
rCorr    .         Harm     .   (no gloves)
MR       .....                  k - +0 pair of boots
Stlth    ++........             (no amulet)
Regen    0.2/turn               (no ring)
MPRegen  0.2/turn               (no ring)

@: brilliant
A: high mp 1
a: no special abilities


You were on level 4 of the Dungeon.
You were not hungry.

You visited 1 branch of the dungeon, and saw 4 of its levels.

You collected 95 gold pieces.

Inventory:

Hand Weapons
 d - a +0 dagger
Armour
 a - a +0 robe (worn)
 f - a scarf of resistance (worn)
 k - a +0 pair of boots (worn)
 t - a +0 buckler
Magical Staves
 o - an uncursed staff of earth (weapon)
Wands
 q - a wand of lightning (6/15)
Scrolls
 e - 4 scrolls of enchant armour {unknown}
 g - a scroll of blinking {unknown}
 i - 2 scrolls of teleportation {unknown}
 j - a scroll of immolation {unknown}
 l - a scroll of remove curse {unknown}
 p - a scroll of identify {unknown}
 v - a scroll of amnesia {unknown}
 w - a scroll of fear {unknown}
Potions
 m - a potion of brilliance
 r - a potion of resistance {unknown}
 s - a potion of magic {unknown}
 u - a potion of curing
Books
 b - a book of Flames

   Spells                             Type                      Level
   a - Flame Tongue                   Conjuration/Fire             1
   b - Throw Flame                    Conjuration/Fire             2
   c - Conjure Flame                  Conjuration/Fire             3
   d - Inner Flame                    Hexes/Fire                   3
   e - Sticky Flame                   Conjuration/Fire             4
   f - Fireball                       Conjuration/Fire             5
Comestibles
 c - 3 bread rations
 h - 3 meat rations


   Skills:
 - Level 1.7 Dodging
 - Level 1.7 Stealth
 * Level 1.2 Shields
 - Level 1.7 Spellcasting
 - Level 2.1 Conjurations
 + Level 4.8 Fire Magic


You had one spell level left.
You knew the following spells:

 Your Spells              Type           Power        Failure   Level  Hunger
a - Flame Tongue          Conj/Fire      #####        1%          1    #......
b - Throw Flame           Conj/Fire      #####.       1%          2    ##.....
c - Conjure Flame         Conj/Fire      #####...     1%          3    ###....


Dungeon Overview and Level Annotations

Branches:
Dungeon (4/15)
 Temple: D:4-7

Annotations:
D:4 Eustachio


Innate Abilities, Weirdness & Mutations

You have an increased reservoir of magic. (+10% MP)


Message History

The quokka closely misses you. The iron imp hits you.
* * * LOW HITPOINT WARNING * * *
You feel better. The river rat closely misses you. The quokka bites you.
* * * LOW HITPOINT WARNING * * *
Eustachio mumbles some strange words.
Eustachio blinks!
The quokka barely misses you.
It was a potion of brilliance.
You feel clever all of a sudden. The river rat closely misses you.
The quokka closely misses you. The iron imp barely misses you.
The quokka closely misses you.
Eustachio says, "My allies will avenge me."
You hit the quokka but do no damage. The quokka barely misses you.
The crimson imp blinks!
The quokka bites you but does no damage.
The river rat misses you. The iron imp closely misses you.
The quokka barely misses you.
You closely miss the quokka. The quokka misses you. The river rat bites you!
* * * LOW HITPOINT WARNING * * *
The river rat bites you!
You die...

....# ..$[ ...
... ##.## 5..#
## #r5# . #.##
#@r#.#
.....#rr#.##)#
#..@......#
#.#####.######
#%.....<#
#########


You could see Eustachio, an iron imp, a crimson imp, 2 river rats and 2 quokkas.

Vanquished Creatures
  A howler monkey (D:3)
  A centaur skeleton (D:3)
  Terence (D:2)
  2 adders
  An ooze (D:2)
  2 worms
  3 dart slugs
  2 leopard geckos
  4 giant cockroaches
  8 goblins
  3 hobgoblins
  3 jackals (D:3)
  2 quokkas (D:3)
  5 bats
  2 frilled lizards
  5 kobolds
  5 rats
50 creatures vanquished.

Notes
Turn   | Place    | Note
-------+----------+-------------------------------------------
     0 | D:1      | hilaritas the Demigod Fire Elementalist began the quest for the Orb.
     0 | D:1      | Reached XP level 1. HP: 14/14 MP: 5/5
    87 | D:1      | Reached skill level 1 in Conjurations
   387 | D:1      | Reached skill level 3 in Fire Magic
   415 | D:1      | Reached XP level 2. HP: 20/20 MP: 5/7
   451 | D:1      | Learned a level 2 spell: Throw Flame
  1323 | D:2      | Found a shimmering altar of Xom.
  1335 | D:2      | Reached XP level 3. HP: 26/26 MP: 1/8
  1430 | D:2      | Found a deep blue altar of Sif Muna.
  1811 | D:2      | Noticed Terence
  1818 | D:2      | Killed Terence
  1818 | D:2      | Reached skill level 4 in Fire Magic
  2582 | D:3      | Reached XP level 4. HP: 27/33 MP: 5/9
  2619 | D:3      | Learned a level 3 spell: Conjure Flame
  3302 | D:3      | Reached skill level 1 in Shields
  3302 | D:3      | Reached XP level 5. HP: 34/38 MP: 5/10
  3717 | D:4      | Noticed Eustachio
  3743 | D:4      | Slain by a river rat

Skill      XL: |  1  2  3  4 |
---------------+-------------+-----
Conjurations   | 1 2 |  2.1
Fire Magic     | 3 4 |  4.8
Shields        | 1 |  1.2
Dodging        | |  1.7
Stealth        | |  1.7
Spellcasting   | |  1.7

Action                   |  1- 3 |  4- 6 || total
-------------------------+-------+-------++-------
Melee: Staff             |     1 |    14 ||    15
 Cast: Flame Tongue      |    68 |    40 ||   108
       Throw Flame       |     1 |     8 ||     9
  Use: Potion            |       |     3 ||     3
  Eat: Chunk             |     4 |       ||     4
       Royal jelly       |     1 |       ||     1
       Bread ration      |       |     1 ||     1
Armor: Robe              |     7 |    10 ||    17
Dodge: Dodged            |    26 |    44 ||    70
